[Event "Asian Zonal-ch 3.5 Women 2019"]
[Site "Zi Bo"]
[Date "2019.09.08"]
[Round "6.3"]
[White "Zhai, Mo"]
[Black "Ning, Kaiyu"]
[Result "1-0"]
[ECO "D11"]
[WhiteElo "2360"]
[BlackElo "2354"]
[Annotator "NA"]
[PlyCount "123"]
[EventDate "2019.09.05"]
[EventType "swiss"]
[EventCountry "CHN"]
[SourceTitle "playchess.com"]
[Source "ChessBase"]
[SourceQuality "1"]
[TimeControl "5400+30"]

1. Nf3 d5 2. g3 c6 3. Bg2 Bg4 4. d4 Nf6 5. c4 e6 6. O-O Be7 7. cxd5 exd5 8. Qb3 Qb6 9. Qe3 Qd8 10. Nh4 O-O 11. h3 Bc8 12. Nc3 Re8 13. Qd3 Na6 14. a3 Nc7 15. Nf5 Bf8 16. g4 Bxf5 17. Qxf5 g6 18. Qd3 Bg7 19. Rd1 Re7 20. b4 a6 21. a4 Nfe8 22. b5 axb5 23. Ba3 b4 24. Bxb4 Rd7 25. e3 Ne6 26. Ne2 b6 27. Qc2 Rc8 28. Qb3 Rb7 29. Rab1 Nd6 30. Rdc1 Ne4 31. Be1 Bf8 32. Rc2 Nd6 33. Rbc1 Qd7 34. Nc3 Bg7 35. Nxd5 cxd5 36. Rxc8+ Nxc8 37. Qxd5 Nd6 38. Rc6 Bf8 39. Rxd6 Qxd6 40. Qxb7 Qa3 41. Qxb6 Qxa4 42. Qa5 Qd1 43. Qd2 Qb1 44. Bd5 Ng5 45. Kg2 Qb5 46. Qa2 Qd7 47. f4 Ne6 48. Bxe6 fxe6 49. f5 Qc6+ 50. Kg1 Qf3 51. Qxe6+ Kh8 52. Qe5+ Kg8 53. fxg6 hxg6 54. Qg3 Qe4 55. Bf2 Bg7 56. Qf4 Qb1+ 57. Kg2 Qd3 58. h4 Qd1 59. Qe4 Kf7 60. d5 Bf6 61. g5 Be7 62. Qf3+ 1-0

[Event "Asian Zonal-ch 3.5 Women 2019"]
[Site "Zi Bo"]
[Date "2019.09.08"]
[Round "6.4"]
[White "Huang, Qian"]
[Black "Bai, Xue"]
[Result "1-0"]
[ECO "A14"]
[WhiteElo "2429"]
[BlackElo "2093"]
[Annotator "ChessBase"]
[PlyCount "103"]
[EventDate "2019.09.05"]
[EventType "swiss"]
[EventCountry "CHN"]
[SourceTitle "playchess.com"]
[Source "ChessBase"]
[SourceQuality "1"]
[TimeControl "5400+30"]

1. c4 e6 2. g3 Nf6 3. Bg2 d5 4. Nf3 Be7 5. O-O O-O 6. b3 d4 7. e3 c5 8. exd4 cxd4 9. d3 Nc6 10. Re1 Bb4 11. Re2 Bd6 12. Ba3 Qe7 13. Bb2 Bc5 14. Nbd2 a5 15. Ne5 Nxe5 16. Rxe5 Qc7 17. f4 Rb8 18. Nf3 Rd8 19. h3 b6 20. a3 Bb7 21. Kh2 Nd7 22. Re2 Bxf3 23. Bxf3 Qd6 24. Bg2 b5 25. Bc1 Qa6 26. Rc2 Rdc8 27. Bd2 bxc4 28. Rxc4 Nb6 29. Rcc1 Bf8 30. Be1 h6 31. b4 Rxc1 32. Rxc1 axb4 33. axb4 Nd5 34. Bxd5 exd5 35. Ra1 Qe6 36. Rb1 Qa6 37. Qc2 Rc8 38. Qe2 Qa4 39. Rb2 Rc1 40. Kg2 Qa3 41. Bf2 Qc3 42. b5 Ra1 43. Rc2 Qb4 44. Rb2 Qc3 45. Qc2 Rc1 46. Qb3 Ba3 47. Rb1 Rc2 48. b6 Qd2 49. Rf1 Bf8 50. b7 Rb2 51. b8=Q Rxb3 52. Qxb3 1-0

[Event "Asian Zonal-ch 3.5 Women 2019"]
[Site "Zi Bo"]
[Date "2019.09.08"]
[Round "6.5"]
[White "Song, Yuxin"]
[Black "Ren, Xiaoyi"]
[Result "0-1"]
[ECO "D78"]
[WhiteElo "2305"]
[BlackElo "2231"]
[Annotator "NA"]
[PlyCount "130"]
[EventDate "2019.09.05"]
[EventType "swiss"]
[EventCountry "CHN"]
[SourceTitle "playchess.com"]
[Source "ChessBase"]
[SourceQuality "1"]
[TimeControl "5400+30"]

1. Nf3 d5 2. g3 Nf6 3. Bg2 g6 4. d4 Bg7 5. O-O O-O 6. c4 c6 7. Qb3 a5 8. Nc3 a4 9. Qd1 dxc4 10. Nxa4 Bf5 11. Ne5 Ng4 12. Nf3 Nf6 13. h3 Qa5 14. Nc3 Ne4 15. Bd2 Qb6 16. Bc1 Rd8 17. g4 Nxc3 18. bxc3 Be4 19. Nd2 Bxg2 20. Kxg2 Qa5 21. Qc2 b5 22. Bb2 Nd7 23. Ne4 Qc7 24. a4 e5 25. e3 Nb6 26. axb5 cxb5 27. Ba3 exd4 28. cxd4 Qc6 29. Kg1 Re8 30. Ng3 Qf3 31. Qe2 Qc6 32. Qc2 Qf3 33. Qe2 Qxe2 34. Nxe2 Nd5 35. Bc5 Bf8 36. Rxa8 Rxa8 37. Bxf8 Kxf8 38. Rb1 Rb8 39. e4 Nc7 40. Kg2 b4 41. d5 Na6 42. Kf3 c3 43. Ke3 c2 44. Rb2 b3 45. Nc1 Nc5 46. Kd4 Rc8 47. f4 h5 48. g5 h4 49. Ne2 Na4 50. Rxb3 c1=Q 51. Nxc1 Rxc1 52. Ke5 Nc5 53. Rb8+ Kg7 54. Re8 Nd3+ 55. Kd6 Nxf4 56. Ke7 Re1 57. Kd8 Nxh3 58. d6 Nxg5 59. d7 Ne6+ 60. Kc8 Rc1+ 61. Kb8 Rd1 62. Kc8 h3 63. d8=Q Rxd8+ 64. Rxd8 Nxd8 65. Kxd8 h2 0-1

[Event "Asian Zonal-ch 3.5 Women 2019"]
[Site "Zi Bo"]
[Date "2019.09.08"]
[Round "6.6"]
[White "Hu, Yu A."]
[Black "Li, Xueyi"]
[Result "0-1"]
[ECO "B19"]
[WhiteElo "2105"]
[BlackElo "2323"]
[Annotator "NA"]
[PlyCount "98"]
[EventDate "2019.09.05"]
[EventType "swiss"]
[EventCountry "CHN"]
[SourceTitle "playchess.com"]
[Source "ChessBase"]
[SourceQuality "1"]
[TimeControl "5400+30"]

1. e4 c6 2. d4 d5 3. Nd2 dxe4 4. Nxe4 Bf5 5. Ng3 Bg6 6. h4 h6 7. Nf3 e6 8. Ne5 Bh7 9. Qh5 Qc7 10. Bc4 Nf6 11. Qe2 Bd6 12. Bf4 Qe7 13. O-O-O Nbd7 14. Kb1 Nb6 15. Bd3 Nfd5 16. Bd2 Bxd3 17. Qxd3 Nf6 18. Rhe1 O-O-O 19. Qb3 Bxe5 20. dxe5 Ng4 21. Qf3 h5 22. Bg5 Rxd1+ 23. Rxd1 Qc7 24. Nxh5 Nxe5 25. Qe2 Nd5 26. Nxg7 Nd7 27. c4 N5b6 28. h5 Qh2 29. g3 Qh3 30. Qe4 Rxh5 31. Nxh5 Qxh5 32. Qd3 Qxg5 33. Ka1 Qc5 34. Qf3 f5 35. b3 Qe5+ 36. Kb1 Nc5 37. Qh5 Nbd7 38. b4 Qe4+ 39. Kb2 Nd3+ 40. Kc3 N3e5 41. Qe8+ Kc7 42. Qxe6 Qf3+ 43. Kc2 Qxf2+ 44. Rd2 Qxg3 45. Qd6+ Kc8 46. Qd4 Qa3 47. Kd1 Qa4+ 48. Kc1 Qxb4 49. Qxa7 Nxc4 0-1

[Event "Asian Zonal-ch 3.5 Women 2019"]
[Site "Zi Bo"]
[Date "2019.09.08"]
[Round "6.7"]
[White "Gu, Tianlu"]
[Black "Yuan, Ye"]
[Result "1-0"]
[ECO "B40"]
[WhiteElo "2239"]
[BlackElo "2092"]
[Annotator "NA"]
[PlyCount "47"]
[EventDate "2019.09.05"]
[EventType "swiss"]
[EventCountry "CHN"]
[SourceTitle "playchess.com"]
[Source "ChessBase"]
[SourceQuality "1"]
[TimeControl "5400+30"]

1. e4 c5 2. Nf3 e6 3. Nc3 a6 4. g3 Nc6 5. Bg2 Nf6 6. O-O d5 7. exd5 Nxd5 8. Nxd5 Qxd5 9. Re1 Qd7 10. d3 Be7 11. a4 O-O 12. Nd2 Na5 13. Ne4 Ra7 14. Be3 b6 15. b4 Nb7 16. a5 Qc7 17. d4 bxa5 18. bxc5 Bd7 19. c4 Raa8 20. Rb1 Kh8 21. d5 exd5 22. cxd5 Nxc5 23. d6 Bxd6 24. Qxd6 1-0

[Event "Asian Zonal-ch 3.5 Women 2019"]
[Site "Zi Bo"]
[Date "2019.09.08"]
[Round "6.8"]
[White "Zhang, Lanlin"]
[Black "Zhang, Xiao"]
[Result "1-0"]
[ECO "B15"]
[WhiteElo "2203"]
[BlackElo "2073"]
[Annotator "NA"]
[PlyCount "93"]
[EventDate "2019.09.05"]
[EventType "swiss"]
[EventCountry "CHN"]
[SourceTitle "playchess.com"]
[Source "ChessBase"]
[SourceQuality "1"]
[TimeControl "5400+30"]

1. e4 c6 2. d4 d5 3. Nc3 g6 4. e5 h5 5. f4 Bg4 6. Nf3 e6 7. h3 Bxf3 8. Qxf3 c5 9. Be3 Nc6 10. dxc5 Qa5 11. O-O-O O-O-O 12. Qf2 Nh6 13. Bb5 Nf5 14. Bxc6 bxc6 15. Kb1 h4 16. Ne2 Nxe3 17. Qxe3 Bxc5 18. Qf3 Qa6 19. Rd3 Rd7 20. Rhd1 Rhd8 21. Qg4 Be7 22. Ng1 Rb7 23. Nf3 Rh8 24. Ng5 Bxg5 25. fxg5 Qb6 26. Rb3 Qc7 27. Re3 Qb6 28. Rb3 Qc7 29. Qf4 Rxb3 30. axb3 Qe7 31. c4 Rh5 32. Rf1 Kd8 33. cxd5 exd5 34. e6 Qxe6 35. Qb8+ Ke7 36. Qb4+ Kd7 37. Re1 Qf5+ 38. Ka2 Qxg5 39. Qb7+ Kd6 40. Qxf7 Kc5 41. Qxa7+ Kd6 42. Qf7 Kc5 43. Qf8+ Kb6 44. Qb4+ Ka6 45. Re7 d4 46. Qb7+ Ka5 47. b4+ 1-0

[Event "Asian Zonal-ch 3.5 Women 2019"]
[Site "Zi Bo"]
[Date "2019.09.08"]
[Round "6.9"]
[White "Zhou, Zirun"]
[Black "Zhao, Shengxin"]
[Result "1/2-1/2"]
[ECO "D14"]
[WhiteElo "2155"]
[BlackElo "2162"]
[Annotator "NA"]
[PlyCount "60"]
[EventDate "2019.09.05"]
[EventType "swiss"]
[EventCountry "CHN"]
[SourceTitle "playchess.com"]
[Source "ChessBase"]
[SourceQuality "1"]
[TimeControl "5400+30"]

1. d4 d5 2. c4 c6 3. cxd5 cxd5 4. Nf3 Nf6 5. Bf4 Bf5 6. e3 Nc6 7. Nc3 e6 8. Bd3 Bxd3 9. Qxd3 Bd6 10. Bxd6 Qxd6 11. O-O O-O 12. Ne2 Ne7 13. Rfc1 Rfc8 14. Rxc8+ Rxc8 15. Rc1 Rxc1+ 16. Nxc1 Qc6 17. Ne2 Kf8 18. Ne5 Qc7 19. Qc3 Qxc3 20. Nxc3 Nc6 21. Nxc6 bxc6 22. Kf1 Ke7 23. Na4 Kd6 24. Ke2 Nd7 25. b4 e5 26. f3 f6 27. Kd3 Kc7 28. Nc5 Nxc5+ 29. bxc5 Kb7 30. Kc3 Kc7 1/2-1/2

[Event "Asian Zonal-ch 3.5 Women 2019"]
[Site "Zi Bo"]
[Date "2019.09.08"]
[Round "6.10"]
[White "Zhang, Yuxuan"]
[Black "Xue, Yue"]
[Result "1-0"]
[ECO "B55"]
[WhiteElo "1979"]
[BlackElo "1678"]
[Annotator "NA"]
[PlyCount "76"]
[EventDate "2019.09.05"]
[EventType "swiss"]
[EventCountry "CHN"]
[SourceTitle "playchess.com"]
[Source "ChessBase"]
[SourceQuality "1"]
[TimeControl "5400+30"]

1. e4 c5 2. Nf3 d6 3. d4 cxd4 4. Nxd4 Nf6 5. f3 g6 6. c4 Bg7 7. Nc3 Nc6 8. Nc2 O-O 9. Be3 Be6 10. Qd2 Rc8 11. Rc1 Qa5 12. Be2 Rfd8 13. O-O a6 14. Rfd1 Ne5 15. b4 Qc7 16. Na3 b6 17. Na4 Rb8 18. Bf1 Bd7 19. Nc3 Qb7 20. Qf2 Be8 21. h3 Rdc8 22. Nd5 Nxd5 23. exd5 Ba4 24. Rd2 b5 25. c5 dxc5 26. bxc5 b4 27. c6 Qc7 28. Nc2 Bb5 29. Ba7 Ra8 30. Bb6 Qb8 31. Nxb4 Bxf1 32. Kxf1 Bh6 33. Bc5 Qb5+ 34. Kg1 Bxd2 35. Qxd2 a5 36. Bxe7 axb4 37. Bf6 Nxc6 38. Qh6 Ne5 1-0

[Event "Asian Zonal-ch 3.5 Women 2019"]
[Site "Zi Bo"]
[Date "2019.09.08"]
[Round "6.11"]
[White "Ha, Yihan"]
[Black "Wang, Yuehan"]
[Result "1-0"]
[ECO "E39"]
[WhiteElo "1580"]
[BlackElo "1600"]
[Annotator "NA"]
[PlyCount "211"]
[EventDate "2019.09.05"]
[EventType "swiss"]
[EventCountry "CHN"]
[SourceTitle "playchess.com"]
[Source "ChessBase"]
[SourceQuality "1"]
[TimeControl "5400+30"]

1. d4 Nf6 2. c4 e6 3. Nc3 Bb4 4. Qc2 O-O 5. Nf3 c5 6. dxc5 Na6 7. g3 Nxc5 8. Bg2 Nce4 9. Bd2 Nxd2 10. Nxd2 a6 11. O-O Qc7 12. e4 d6 13. a3 Bc5 14. b4 Ba7 15. Rad1 Bd7 16. h3 Rac8 17. Qd3 Rfd8 18. Rc1 Be8 19. Qe2 Nd7 20. Rfd1 Ne5 21. Bf1 Ng6 22. h4 d5 23. c5 d4 24. Na2 Bb5 25. Qf3 Ne5 26. Qf4 Ba4 27. Re1 Bb8 28. h5 Qe7 29. Qh4 Qxh4 30. gxh4 Ng4 31. Nc4 d3 32. Bxd3 Rxd3 33. Nb6 Rcd8 34. Nxa4 Bh2+ 35. Kf1 Rxa3 36. N2c3 Rb3 37. Red1 Rxd1+ 38. Rxd1 Kf8 39. Rb1 Rxb1+ 40. Nxb1 Nf6 41. Nd2 Bf4 42. Nc4 Nxe4 43. Na5 Bd2 44. Nxb7 Bxb4 45. Nb6 Nc3 46. c6 Nb5 47. Na8 Ke7 48. Nb6 Nc7 49. Ke2 h6 50. Kd3 Be1 51. Ke2 Bc3 52. Kd3 Bf6 53. Nc8+ Ke8 54. Ncd6+ Kf8 55. Kc4 Bxh4 56. Ne4 f5 57. Ng3 Be7 58. Ne2 Kf7 59. Nf4 Nb5 60. Nc5 Nc7 61. Nb7 Ke8 62. Ng6 Ba3 63. Kb3 Bc1 64. Ka4 Bd2 65. Ne5 Ke7 66. f3 Bc3 67. Nc4 e5 68. Nc5 Kd8 69. Nd6 Nd5 70. Nxa6 Bd4 71. Nxf5 Nc7 72. Nxc7 Kxc7 73. Kb5 Bf2 74. Nxg7 Be3 75. Ne6+ Kc8 76. Kc4 Bd2 77. Kd5 Bc3 78. Kd6 Bb2 79. Ke7 Bc3 80. Kf7 Bb2 81. Kg6 Bc1 82. Kf5 Bb2 83. Ke4 Bc3 84. Kd5 Bb2 85. Kd6 Ba1 86. c7 Bc3 87. Kc6 Ba5 88. Kb5 Bd2 89. Kb6 Be3+ 90. Nc5 e4 91. fxe4 Bf4 92. Ne6 Be5 93. Kc6 Bg3 94. Kd5 Kd7 95. e5 Bh2 96. Ke4 Bg3 97. Kf5 Bf2 98. Kg6 Be3 99. Kf7 Bd2 100. Nf8+ Kxc7 101. e6 Bg5 102. e7 Bxe7 103. Kxe7 Kc6 104. Kf6 Kd6 105. Ne6 Kd7 106. Ng7 1-0

[Event "Asian Zonal-ch 3.5 Women 2019"]
[Site "Zi Bo"]
[Date "2019.09.08"]
[Round "6.12"]
[White "Cai Youyang"]
[Black "Zhao, Caidi"]
[Result "1-0"]
[ECO "A16"]
[WhiteElo "1910"]
[BlackElo "1540"]
[Annotator "NA"]
[PlyCount "55"]
[EventDate "2019.09.05"]
[EventType "swiss"]
[EventCountry "CHN"]
[SourceTitle "playchess.com"]
[Source "ChessBase"]
[SourceQuality "1"]
[TimeControl "5400+30"]

1. Nf3 Nf6 2. c4 g6 3. Nc3 d5 4. cxd5 Nxd5 5. h4 h5 6. e4 Nxc3 7. bxc3 Bg7 8. Ba3 Bg4 9. Qb3 Bc8 10. Bc4 e6 11. d4 c6 12. Rd1 b5 13. Be2 a6 14. O-O Bf8 15. Bxf8 Kxf8 16. Ng5 Qf6 17. f4 Qe7 18. f5 exf5 19. exf5 Bxf5 20. Bd3 Kg7 21. Bxf5 gxf5 22. Rxf5 f6 23. Ne6+ Kg6 24. Re1 Qd7 25. Qc2 Kf7 26. Ng5+ Kg7 27. Re6 Rh6 28. Rfxf6 1-0

[Event "Asian Zonal-ch 3.5 Women 2019"]
[Site "Zi Bo"]
[Date "2019.09.09"]
[Round "7.2"]
[White "Zhai, Mo"]
[Black "Yan, Tianqi"]
[Result "1/2-1/2"]
[ECO "E05"]
[WhiteElo "2360"]
[BlackElo "2122"]
[Annotator "ChessBase"]
[PlyCount "205"]
[EventDate "2019.09.05"]
[EventType "swiss"]
[EventCountry "CHN"]
[SourceTitle "playchess.com"]
[Source "ChessBase"]
[SourceQuality "1"]
[TimeControl "5400+30"]

1. Nf3 d5 2. g3 Nf6 3. Bg2 e6 4. O-O Be7 5. c4 O-O 6. d4 dxc4 7. Ne5 c5 8. dxc5 Qc7 9. Nxc4 Qxc5 10. Qb3 e5 11. Be3 Qc7 12. Nc3 Nc6 13. Nb5 Qb8 14. Bxc6 bxc6 15. Nxa7 Qc7 16. Qb6 Qd7 17. Nxc6 Nd5 18. Nxe7+ Qxe7 19. Qd6 Qb7 20. Qxe5 Bh3 21. Nd6 Qc6 22. Nf5 Bxf5 23. Qxf5 Nxe3 24. fxe3 Rae8 25. Rac1 Qb6 26. Rc2 Qxe3+ 27. Kg2 Re6 28. Rf3 Qa7 29. Ra3 Qe7 30. Qf3 Rf6 31. Qd5 Re6 32. Qc4 Re4 33. Qd3 h6 34. Rac3 Re8 35. Rc8 Re3 36. Rxe8+ Qxe8 37. Qc4 Kh7 38. Kf2 Re6 39. Rc3 Qb8 40. b4 Qa7+ 41. Kf1 Ra6 42. Qe4+ g6 43. Qe5 Rxa2 44. Kg2 Qb7+ 45. Rf3 Ra4 46. Qe8 Rxb4 47. Qxf7+ Qxf7 48. Rxf7+ Kg8 49. Ra7 Rb3 50. Kf2 g5 51. h3 Rb5 52. Kf3 Rb4 53. Rd7 Ra4 54. Re7 Rb4 55. Re4 Rb6 56. Kg4 Kf7 57. Kf5 Rf6+ 58. Ke5 Re6+ 59. Kd5 Ra6 60. Rd4 Re6 61. Re4 Ra6 62. Rd4 Re6 63. e4 Kf6 64. Ra4 Re5+ 65. Kd4 Re6 66. Ra8 Rd6+ 67. Ke3 Rb6 68. Rf8+ Ke6 69. Kf3 Rb3+ 70. Kg2 Re3 71. Rh8 Rxe4 72. Rxh6+ Kf7 73. Ra6 Rb4 74. Ra3 Kg6 75. Rc3 Ra4 76. g4 Rb4 77. Kf3 Ra4 78. Rc6+ Kg7 79. Re6 Kf7 80. Re4 Ra3+ 81. Re3 Ra4 82. Kg3 Kg6 83. Rb3 Ra6 84. Kf3 Ra4 85. Rb6+ Kg7 86. Rb5 Kg6 87. Ke3 Rc4 88. Rd5 Ra4 89. Rd4 Ra3+ 90. Ke4 Rxh3 91. Rd6+ Kg7 92. Kf5 Ra3 93. Kxg5 Ra5+ 94. Kh4 Rb5 95. Ra6 Rb7 96. Kh5 Rb5+ 97. g5 Rb7 98. Ra5 Rc7 99. Kg4 Rb7 100. Kf5 Rc7 101. Ra6 Rc5+ 102. Kg4 Rc4+ 103. Kh5 1/2-1/2

[Event "Asian Zonal-ch 3.5 Women 2019"]
[Site "Zi Bo"]
[Date "2019.09.09"]
[Round "7.4"]
[White "Zhang, Lanlin"]
[Black "Gu, Tianlu"]
[Result "0-1"]
[ECO "C92"]
[WhiteElo "2203"]
[BlackElo "2239"]
[Annotator "ChessBase"]
[PlyCount "62"]
[EventDate "2019.09.05"]
[EventType "swiss"]
[EventCountry "CHN"]
[SourceTitle "playchess.com"]
[Source "ChessBase"]
[SourceQuality "1"]
[TimeControl "5400+30"]

1. e4 e5 2. Nf3 Nc6 3. Bb5 a6 4. Ba4 Nf6 5. O-O b5 6. Bb3 Be7 7. Re1 d6 8. c3 O-O 9. h3 Bb7 10. d4 Re8 11. Nbd2 exd4 12. cxd4 Nd7 13. a4 Bf6 14. Nf1 Na5 15. Bc2 c5 16. Ng3 g6 17. Bf4 cxd4 18. Nxd4 Qb6 19. Nf3 Bxb2 20. Rb1 Bc3 21. Be3 Nc5 22. Ng5 Bxe1 23. Qf3 Qc7 24. Rxe1 Nc4 25. Bd4 Ne5 26. Qf4 h6 27. Nf3 Ne6 28. Qxh6 Nxf3+ 29. gxf3 Nxd4 30. Nh5 gxh5 31. Kg2 Re6 0-1

[Event "Asian Zonal-ch 3.5 Women 2019"]
[Site "Zi Bo"]
[Date "2019.09.09"]
[Round "7.6"]
[White "Bai, Xue"]
[Black "Li, Yunshan"]
[Result "0-1"]
[ECO "C48"]
[WhiteElo "2093"]
[BlackElo "2261"]
[Annotator "ChessBase"]
[PlyCount "46"]
[EventDate "2019.09.05"]
[EventType "swiss"]
[EventCountry "CHN"]
[SourceTitle "playchess.com"]
[Source "ChessBase"]
[SourceQuality "1"]
[TimeControl "5400+30"]

1. e4 e5 2. Nf3 Nf6 3. Nc3 Nc6 4. Bb5 Nd4 5. Bc4 Bc5 6. d3 d6 7. Nxd4 Bxd4 8. Bg5 h6 9. Bxf6 Qxf6 10. Qd2 c6 11. Nd1 Qg6 12. f3 O-O 13. c3 Bb6 14. Kf1 Kh8 15. g4 f5 16. gxf5 Bxf5 17. Qg2 Bg4 18. Ke1 Rxf3 19. h3 Bh5 20. Qxg6 Bxg6 21. a4 Raf8 22. a5 Bd8 23. a6 b5 0-1

[Event "Asian Zonal-ch 3.5 Women 2019"]
[Site "Zi Bo"]
[Date "2019.09.09"]
[Round "7.7"]
[White "Ning, Kaiyu"]
[Black "Zhou, Zirun"]
[Result "1/2-1/2"]
[ECO "E04"]
[WhiteElo "2354"]
[BlackElo "2155"]
[Annotator "ChessBase"]
[PlyCount "125"]
[EventDate "2019.09.05"]
[EventType "swiss"]
[EventCountry "CHN"]
[SourceTitle "playchess.com"]
[Source "ChessBase"]
[SourceQuality "1"]
[TimeControl "5400+30"]

1. d4 Nf6 2. c4 e6 3. g3 d5 4. Bg2 dxc4 5. Nf3 Nc6 6. Qa4 Bb4+ 7. Bd2 Nd5 8. Bxb4 Ndxb4 9. O-O Rb8 10. Nc3 a6 11. Ne5 O-O 12. Nxc6 Nxc6 13. Bxc6 bxc6 14. Qxc4 Qd6 15. b3 Rb4 16. Ne4 Qxd4 17. Qxd4 Rxd4 18. f3 e5 19. Rfc1 f5 20. Nc5 Rf6 21. a3 a5 22. b4 axb4 23. axb4 Rxb4 24. Ra7 Rf7 25. Nd3 Rb5 26. Ra8 Rf8 27. Rxc6 Bb7 28. Rxf8+ Kxf8 29. Rxc7 e4 30. fxe4 Bxe4 31. Nf4 Rb6 32. h4 Kg8 33. Nh3 h6 34. Kf2 Rb7 35. Rc3 Kf7 36. Ra3 Re7 37. Ra5 g6 38. Ra3 Bc6 39. Rb3 Bd5 40. Rc3 Bb7 41. Ra3 Bc6 42. Ra5 Be4 43. Rb5 Rb7 44. Rc5 Ra7 45. Rc8 Re7 46. Nf4 g5 47. hxg5 hxg5 48. Nh3 Kf6 49. Rf8+ Kg7 50. Rb8 Kg6 51. Rg8+ Rg7 52. Rh8 Bd5 53. Rd8 Be4 54. Ke3 Bg2 55. Nf2 f4+ 56. gxf4 Re7+ 57. Kd2 gxf4 58. Nd3 f3 59. e3 Ra7 60. Rf8 Kg7 61. Rf4 Rf7 62. Rg4+ Kh6 63. Nf2 1/2-1/2

[Event "Asian Zonal-ch 3.5 Women 2019"]
[Site "Zi Bo"]
[Date "2019.09.09"]
[Round "7.9"]
[White "Yuan, Ye"]
[Black "Ha, Yihan"]
[Result "0-1"]
[ECO "D02"]
[WhiteElo "2092"]
[BlackElo "1580"]
[Annotator "NA"]
[PlyCount "202"]
[EventDate "2019.09.05"]
[EventType "swiss"]
[EventCountry "CHN"]
[SourceTitle "playchess.com"]
[Source "ChessBase"]
[SourceQuality "1"]
[TimeControl "5400+30"]

1. d4 d5 2. Nf3 Nf6 3. Bf4 Bf5 4. e3 e6 5. Nbd2 Be7 6. h3 O-O 7. Be2 c5 8. c3 Nc6 9. O-O Rc8 10. Bh2 Qb6 11. Qb3 Nd7 12. Qxb6 Nxb6 13. a4 cxd4 14. exd4 Rfd8 15. a5 Nd7 16. Ne1 h6 17. Nd3 Bf6 18. Rfd1 Re8 19. g4 Bh7 20. f4 Be7 21. b4 Bd6 22. Nb3 Nf6 23. Nbc5 b6 24. axb6 axb6 25. Na4 Rb8 26. Ne5 Rec8 27. Rdc1 Bxe5 28. dxe5 Ne4 29. Bd3 Nd2 30. Bxh7+ Kxh7 31. Rd1 Ne4 32. Rdc1 Ne7 33. f5 b5 34. Nc5 Nxc5 35. bxc5 Rb7 36. fxe6 fxe6 37. Kf1 Rxc5 38. Bg1 Rc4 39. Ke2 Re4+ 40. Kd3 Nc6 41. Bh2 Nxe5+ 42. Bxe5 Rxe5 43. Re1 Rxe1 44. Rxe1 Rb6 45. Kd4 Rc6 46. Rb1 Rc4+ 47. Kd3 Kg6 48. Rxb5 Kf6 49. Rb8 Re4 50. Rf8+ Kg5 51. Rf7 g6 52. Rg7 h5 53. gxh5 Kxh5 54. Kd2 Kg5 55. Rf7 Rf4 56. Re7 Kf6 57. Rh7 e5 58. h4 Kf5 59. h5 gxh5 60. Rxh5+ Ke4 61. Ke2 Rg4 62. Rh2 Rg3 63. Rh4+ Kf5 64. Kd2 e4 65. Rh5+ Rg5 66. Rh8 Ke5 67. Re8+ Kf4 68. Rf8+ Rf5 69. Rh8 Kf3 70. Rh3+ Kg2 71. Rh8 Rf3 72. Rh5 Rd3+ 73. Ke2 Kg3 74. Rg5+ Kf4 75. Rh5 Rxc3 76. Rxd5 Rc2+ 77. Kd1 Rh2 78. Rd8 Ke3 79. Re8 Rh1+ 80. Kc2 Re1 81. Rh8 Rf1 82. Re8 Rf4 83. Kd1 Rf2 84. Ra8 Rf1+ 85. Kc2 Ke2 86. Re8 e3 87. Re7 Rf3 88. Re8 Kf2 89. Kd1 Rf6 90. Re7 Rd6+ 91. Kc1 e2 92. Rf7+ Ke3 93. Re7+ Kd3 94. Re5 Rd4 95. Re8 Rc4+ 96. Kb2 Kd2 97. Rd8+ Ke1 98. Re8 Kf2 99. Rf8+ Kg2 100. Re8 Kf3 101. Rf8+ Rf4 0-1

[Event "Asian Zonal-ch 3.5 Women 2019"]
[Site "Zi Bo"]
[Date "2019.09.09"]
[Round "7.10"]
[White "Xue, Yue"]
[Black "Hu, Yu A."]
[Result "0-1"]
[ECO "B47"]
[WhiteElo "1678"]
[BlackElo "2105"]
[Annotator "ChessBase"]
[PlyCount "68"]
[EventDate "2019.09.05"]
[EventType "swiss"]
[EventCountry "CHN"]
[SourceTitle "playchess.com"]
[Source "ChessBase"]
[SourceQuality "1"]
[TimeControl "5400+30"]

1. e4 c5 2. Nf3 e6 3. d4 cxd4 4. Nxd4 Nc6 5. Nc3 Qc7 6. Be2 a6 7. a4 Nf6 8. O-O Bb4 9. Qd3 O-O 10. Nxc6 bxc6 11. Na2 Be7 12. c4 d5 13. Nc3 Bb7 14. f4 Rfd8 15. e5 Nd7 16. Qh3 Nc5 17. b4 Nb3 18. Nxd5 cxd5 19. Qxb3 dxc4 20. Qxc4 Qb6+ 21. Kh1 Bd5 22. Qc3 Rac8 23. Qh3 Rc2 24. Be3 Qxb4 25. Bf3 Qc3 26. Rac1 Rxc1 27. Bxc1 Bc4 28. Rg1 Bc5 29. Qh4 Rd3 30. Be4 Bxg1 31. Bxh7+ Kf8 32. Bxd3 Qxd3 33. Ba3+ Kg8 34. Bd6 Bb6 0-1

[Event "Asian Zonal-ch 3.5 Women 2019"]
[Site "Zi Bo"]
[Date "2019.09.09"]
[Round "7.11"]
[White "Zhao, Caidi"]
[Black "Zhang, Xiao"]
[Result "0-1"]
[ECO "B15"]
[WhiteElo "1540"]
[BlackElo "2073"]
[Annotator "NA"]
[PlyCount "48"]
[EventDate "2019.09.05"]
[EventType "swiss"]
[EventCountry "CHN"]
[SourceTitle "playchess.com"]
[Source "ChessBase"]
[SourceQuality "1"]
[TimeControl "5400+30"]

1. e4 c6 2. d4 d5 3. Nc3 g6 4. Nf3 Bg4 5. Be2 Bg7 6. Be3 e6 7. h3 Bxf3 8. Bxf3 Nf6 9. Qd2 O-O 10. e5 Nfd7 11. h4 c5 12. h5 cxd4 13. Bxd4 Nxe5 14. hxg6 fxg6 15. Bxe5 Bxe5 16. Qh6 Qe7 17. O-O Nc6 18. Rae1 Qg7 19. Qh3 Rae8 20. Bg4 Nd4 21. f4 Rxf4 22. Rxf4 Bxf4 23. Nxd5 Be5 24. c3 exd5 0-1

[Event "Asian Zonal-ch 3.5 Women 2019"]
[Site "Zi Bo"]
[Date "2019.09.09"]
[Round "7.12"]
[White "Wang, Yuehan"]
[Black "Cai Youyang"]
[Result "1/2-1/2"]
[ECO "B41"]
[WhiteElo "1600"]
[BlackElo "1910"]
[Annotator "NA"]
[PlyCount "105"]
[EventDate "2019.09.05"]
[EventType "swiss"]
[EventCountry "CHN"]
[SourceTitle "playchess.com"]
[Source "ChessBase"]
[SourceQuality "1"]
[TimeControl "5400+30"]

1. e4 c5 2. Nf3 a6 3. c4 e6 4. Nc3 Qc7 5. d4 cxd4 6. Nxd4 Nf6 7. a3 Be7 8. Be2 O-O 9. O-O b6 10. Be3 Bb7 11. f3 Bd6 12. g3 Bxg3 13. hxg3 Qxg3+ 14. Kh1 Nxe4 15. Nxe4 Bxe4 16. Rf2 Bg6 17. Rg2 Qc7 18. Rc1 d6 19. Bd3 Nc6 20. Bxg6 hxg6 21. Nb5 Qd8 22. Qxd6 axb5 23. Qxc6 bxc4 24. Qxb6 Qd5 25. Rf1 Rfd8 26. Rd2 Qh5+ 27. Rh2 Qf5 28. Qc5 Qd3 29. Re1 Rd5 30. Qc7 Qf5 31. Qg3 Rad8 32. Qh3 Qxh3 33. Rxh3 Rb8 34. Rh2 Rb3 35. f4 f6 36. Rc2 Rdd3 37. Bf2 Rf3 38. Re4 c3 39. bxc3 Rxa3 40. Bd4 Ra6 41. Kg2 Rd3 42. Rce2 Kf7 43. R4e3 Rd1 44. Re1 Rd2+ 45. R3e2 Rd3 46. Rb1 g5 47. fxg5 e5 48. gxf6 gxf6 49. Bxe5 fxe5 50. Rxe5 Rg6+ 51. Kf2 Rf6+ 52. Ke2 Rxc3 53. Rf1 1/2-1/2

[Event "Asian Zonal-ch 3.5 Women 2019"]
[Site "Zi Bo"]
[Date "2019.09.10"]
[Round "10.3"]
[White "Lei, Tingjie"]
[Black "Zhang, Lanlin"]
[Result "1-0"]
[ECO "D30"]
[WhiteElo "2483"]
[BlackElo "2203"]
[Annotator "RC"]
[PlyCount "79"]
[EventDate "2019.09.05"]
[EventType "swiss"]
[EventCountry "CHN"]
[SourceTitle "playchess.com"]
[Source "ChessBase"]
[SourceQuality "1"]
[TimeControl "5400+30"]

1. d4 d5 2. Nf3 Nf6 3. c4 c6 4. e3 e6 5. Nbd2 Nbd7 6. b3 Be7 7. Bd3 O-O 8. O-O b6 9. Bb2 Bb7 10. Qe2 c5 11. cxd5 exd5 12. Ne5 Ne4 13. Nxe4 dxe4 14. Bc4 cxd4 15. Bxd4 Nxe5 16. Bxe5 Qd7 17. Rad1 Qf5 18. Qb2 Ba3 19. Qxa3 Qxe5 20. Qd6 Qa5 21. a4 Ba6 22. Rd5 Bxc4 23. Rxa5 Bxf1 24. Rg5 Bd3 25. h4 Kh8 26. Qd4 f6 27. Rd5 Rab8 28. g4 a6 29. g5 b5 30. a5 Rbc8 31. gxf6 gxf6 32. Rd6 Kg7 33. Rd7+ Kg6 34. Qd6 Rg8 35. Kh2 Rcf8 36. Qe7 Kf5 37. Qxh7+ Ke6 38. Rc7 Ke5 39. Qe7+ Kf5 40. Qd7+ 1-0